 Dungeon Crawl Stone Soup version 0.30-a0-339-g89bb51ec76 (webtiles) character file.

Game seed: 10676330846143890581

12646 lunkers the Geomancer (level 12, -7/97 HPs)
             Began as a Meteoran Earth Elementalist on Oct 31, 2022.
             Was an Initiate of Gozag.
             Mangled by Urug
             ... wielding a +4 broad axe of venom
              (17 damage)
             ... on level 1 of the Orcish Mines on Nov 1, 2022.
             The game lasted 00:27:29 (5657 turns).

lunkers the Geomancer (Meteoran Earth Elementalist) Turns: 5657, Time: 00:27:29

Health: -7/97      AC: 10    Str:  9    XL:     12   Next: 52%
Magic:  25/27      EV: 20    Int: 23    God:    Gozag
Gold:   1993       SH:  4    Dex: 23    Spells: 21/32 levels left

rFire   + . .      SeeInvis .    a - +2 dagger (venom)
rCold   + . .      Faith    .    q - +0 buckler
rNeg    . . .      Spirit   .    B - +1 leather armour {rPois}
rPois   +          Reflect  .    v - +3 helmet "Bonuts" {*Slow rCorr Dex+8}
rElec   .          Harm     .    d - scarf {rC+ rF+}
rCorr   +          Rampage  .    o - +1 pair of gloves
Will    +....                    (no boots)
Stlth   +.........               (no amulet)
HPRegen 0.36/turn                j - ring of resist corrosion
MPRegen 0.20/turn                n - +4 ring of evasion

@: lethally poisoned (-7 -> -24), glowing, studying Short Blades
A: sense surroundings 2, otherworldly, glowing, explore regen
a: Renounce Religion, Potion Petition, Call Merchant, Bribe Branch


You were on level 1 of the Orcish Mines.
You worshipped Gozag.
Gozag was most pleased with you.
You visited 3 branches of the dungeon, and saw 13 of its levels.
You also visited: Bailey.

You collected 2260 gold pieces.
You spent 198 gold pieces at shops.
You paid 69 gold pieces to Gozag.

Inventory:

Hand Weapons
 a - a +2 dagger of venom (weapon)
 b - the +10 trident of the Imperium {flame, Dex+7}
   (You found it on level 8 of the Dungeon)

   It burns those it strikes, dealing additional fire damage.
   Dex:       It affects your dexterity (+7).
 g - a +2 dagger of chaos
 A - a +3 short sword
 D - a +4 morningstar of freezing
 H - the +8 sling of Lounoc {drain, Fragile rN++ Will+}
   (You found it on level 9 of the Dungeon)

   A truly terrible weapon, it drains the life of any living foe it strikes.
   rN:        It greatly protects you from negative energy.
   Fragile:   It will be destroyed if unequipped.
   Will:      It increases your willpower.
Missiles
 G - 3 curare-tipped darts
Armour
 d - a scarf of resistance (worn)
 o - a +1 pair of gloves (worn)
 p - a +0 helmet
 q - a +0 buckler (worn)
 s - a +0 leather armour of cold resistance
 u - a +0 robe
 v - the +3 helmet "Bonuts" (worn) {*Slow rCorr Dex+8}
   (You acquired it in a bailey)

   Dex:       It affects your dexterity (+8).
   rCorr:     It protects you from acid and corrosion.
   *Slow:     It may slow you when you take damage.
 B - a +1 leather armour of poison resistance (worn)
Jewellery
 j - a ring of resist corrosion (left hand)
 n - a +4 ring of evasion (right hand)
Wands
 h - a wand of flame (22)
 x - a wand of roots (1)
 I - a wand of polymorph (3)
Scrolls
 f - 2 scrolls of brand weapon
 C - 2 scrolls of fog
Potions
 c - 4 potions of mutation
 e - 2 potions of haste {unknown}
 i - a potion of cancellation {unknown}
 k - 3 potions of attraction
 l - 4 potions of ambrosia
 m - 3 potions of lignification {unknown}
 r - 2 potions of curing {unknown}
 t - a potion of berserk rage {unknown}
 w - 2 potions of might {unknown}
 z - 4 potions of heal wounds {unknown}
 E - 3 potions of magic
 F - a potion of brilliance {unknown}
 J - a potion of invisibility {unknown}


   Skills:
 + Level 6.6 Fighting
 - Level 10.0 Short Blades
 + Level 7.6 Dodging
 - Level 1.4 Stealth
 - Level 10.7 Spellcasting
 - Level 4.0 Conjurations
 - Level 1.2 Transmutations
 - Level 14.9 Earth Magic


You had 21 spell levels left.
You knew the following spells:

 Your Spells              Type           Power      Damage    Failure   Level
a - Sandblast             Erth           100%       2d20      1%          1
b - Passwall              Tmut/Erth      40%        N/A       1%          2
c - Stone Arrow           Conj/Erth      100%       3d13      1%          3
d - Petrify               Tmut/Erth      49%        N/A       3%          4
p - Apportation           Tloc           24%        N/A       10%         1

Your spell library contained the following spells:

 Spells                   Type           Power      Damage    Failure   Level
 Necrotise                Necr           48%        1d6       10%         1
 Slow                     Hex            48%        N/A       10%         1
 Summon Small Mammal      Summ           48%        N/A       10%         1
 Necromutation            Tmut/Necr      7%         N/A       100%        8
 Animate Dead             Necr           Unusable   N/A       N/A         4

Dungeon Overview and Level Annotations

Branches:
Dungeon (10/15) Zot: 1149  Temple (1/1) D:4 Zot: 356    Lair (0/5) D:10
    Orc (2/2) D:10 Zot: 997     Elf (0/3) Orc:2        Bailey (visited)

Altars:
Ashenzari
Dithmenos
Elyvilon
Fedhas
Gozag
Hepliaklqana
Kikubaaqudgha
Makhleb
Nemelex Xobeh
Okawaru
Qazlal
Ru
Sif Muna
Trog
Uskayaw
Vehumet
Wu Jian
Xom
Yredelemnul
Zin
The Shining One

Shops:
D:3 [   D:8 (

Portals:
Trove: D:10 (give 6 scrolls of blinking)

Annotations:
Orc:1 Urug


Innate Abilities, Weirdness & Mutations

You passively map the area around you.
You are easily found by Zot.
You glow in the dark.
You regain HP and MP as you explore.


Message History

Unknown command.
Okay, then.
Okay, then.
Okay, then.
Casting: Stone Arrow (safe; 1% risk of failure)
Confirm with . or Enter, or press ? or * to list all spells.
Okay, then.
Casting: Stone Arrow (safe; 1% risk of failure)
Confirm with . or Enter, or press ? or * to list all spells.
Aiming: Petrify (dangerous; 3% risk of failure)
Press: ? - help, Shift-Dir - straight line, f - Urug
Aim: Urug, wielding a +4 broad axe of venom, wearing a +0 chain mail and quivering javelins (strong, chance to affect: 53%)
Okay, then.
Okay, then.
Casting: Petrify (dangerous; 3% risk of failure)
Confirm with . or Enter, or press ? or * to list all spells.
Aiming: Passwall (safe; 1% risk of failure)
Press: ? - help, Dir - move target You can't see that place. [the floor.]
The orc warrior barely misses you.
Urug hits you with a +4 broad axe of venom!!
* * * LOW HITPOINT WARNING * * *
You are poisoned.
The orc knight barely misses you.
You begin to meditate on the wall.
You continue meditating on the rock.
* * * LOW HITPOINT WARNING * * *
You feel extremely sick. The orc warrior completely misses you.
The orc knight hits you with a +0 war axe.
* * * LOW HITPOINT WARNING * * *
You block Urug's attack.
You continue meditating on the rock.
You feel very sick. The orc knight completely misses you.
The orc warrior hits you with a +0 war axe!
* * * LOW HITPOINT WARNING * * *
Urug hits you with a +4 broad axe of venom!
You die...
Your body crumbles into a pile of gold.

####..#...#........#[[#.......
##.....##.......#....[.##.....#
#..... #....#####..[#####...##
,#... ###..### ##...## #...##
*#..###.#....###.....###....#.
#...#...........#..##.......
#...#......o...###.....#.#..
#.....#.#.#oo...###....####.
##...######@o.### #....#* ..
###..# ##### #..### .. #.##
##.# $, . * ### ## , * ,$ ** ,
,, ,,,


You could see an orc knight, Urug (strong) and 2 orc warriors.

Vanquished Creatures
  An orc warlord (Bailey)
  2 two-headed ogres (D:9)
  Lodul (D:10)
  Pikel (D:5)
  An orc knight (Bailey)
  An unseen horror (D:6)
  2 kobold demonologists (D:8)
  4 trolls
  2 guardian mummies (D:10)
  3 hornets
  A shadow (D:10)
  2 yaks
  Sigmund (D:2)
  2 wyverns
  A wraith (D:9)
  A basilisk (Bailey)
  A steam dragon (D:8)
  Duvessa (D:5)
  13 orc warriors
  3 ice beasts
  2 centaurs
  9 ogres
  A lemure (D:5)
  2 phantoms
  2 kobold brigands
  3 bullfrogs
  2 necrophages
  8 wights
  Dowan (D:5)
  5 killer bees (D:9)
  8 howler monkeys
  An electric eel (D:10)
  10 hounds
  2 jellies (D:4)
  5 orc priests
  2 iguanas (D:6)
  9 orc wizards
  Robin (D:4)
  8 gnolls (Bailey)
  4 adders
  An ufetubus (D:6)
  A worm (D:4)
  30 orcs
  3 endoplasms
  25 goblins
  13 hobgoblins
  A jackal (D:3)
  15 kobolds
  3 ball pythons
  A bat (D:1)
  3 frilled lizards
  2 rats
227 creatures vanquished.

Notes
Turn   | Place    | Note
-------+----------+-------------------------------------------
     0 | D:1      | lunkers the Meteoran Earth Elementalist began the quest for
                  | the Orb.
     0 | D:1      | Reached XP level 1. HP: 14/14 MP: 5/5
   173 | D:1      | Reached XP level 2. HP: 20/20 MP: 3/6
   272 | D:2      | Reached skill level 4 in Earth Magic
   299 | D:2      | Noticed Sigmund
   303 | D:2      | Killed Sigmund
   304 | D:2      | Reached skill level 6 in Earth Magic
   304 | D:2      | Reached XP level 3. HP: 26/26 MP: 4/9
   304 | D:2      | Reached XP level 4. HP: 33/33 MP: 4/11
   304 | D:2      | Reached XP level 5. HP: 38/38 MP: 4/12
   315 | D:2      | Learned a level 2 spell: Passwall
   319 | D:2      | Learned a level 3 spell: Stone Arrow
   324 | D:2      | Learned a level 4 spell: Petrify
   395 | D:2      | Reached XP level 6. HP: 45/45 MP: 11/13
   623 | D:3      | Found Winoapat's Antique Armour Shoppe.
   632 | D:3      | Found a shimmering altar of Xom.
   879 | D:4      | Noticed Robin
   890 | D:4      | Killed Robin
   943 | D:4      | Noticed a yak
   958 | D:4      | Killed a yak
   959 | D:4      | Reached skill level 5 in Spellcasting
   959 | D:4      | Reached skill level 7 in Earth Magic
   959 | D:4      | Reached XP level 7. HP: 44/50 MP: 9/16
  1117 | D:5      | Entered Level 5 of the Dungeon
  1125 | D:5      | Reached skill level 1 in Conjurations
  1125 | D:5      | Reached skill level 8 in Earth Magic
  1141 | D:5      | Noticed Duvessa
  1155 | D:5      | Killed Duvessa
  1156 | D:5      | Reached XP level 8. HP: 47/57 MP: 17/17
  1156 | D:5      | Noticed Dowan
  1167 | D:5      | Killed Dowan
  1198 | D:4      | Found a staircase to the Ecumenical Temple.
  1207 | Temple   | Entered the Ecumenical Temple
  1429 | Temple   | Became a worshipper of Gozag Ym Sagoz the Greedy
  1595 | D:5      | Noticed Pikel
  1610 | D:5      | Killed Pikel
  1611 | D:5      | Reached skill level 9 in Earth Magic
  1611 | D:5      | Gained mutation: You passively map the area around you.
                  | [Meteoran growth]
  1611 | D:5      | Reached XP level 9. HP: 21/62 MP: 8/20
  1613 | D:5      | Reached skill level 10 in Earth Magic
  2343 | D:6      | Killed an unseen horror
  2344 | D:6      | Reached skill level 11 in Earth Magic
  2349 | D:6      | Learned a level 1 spell: Apportation
  2634 | D:7      | Reached skill level 12 in Earth Magic
  2638 | D:7      | Reached XP level 10. HP: 69/69 MP: 20/23
  2832 | D:7      | Found a flagged portal.
  2847 | Bailey   | Entered a bailey
  2950 | Bailey   | Noticed an orc knight
  2986 | Bailey   | Killed an orc knight
  2987 | Bailey   | Reached skill level 13 in Earth Magic
  3041 | Bailey   | Noticed an orc warlord
  3101 | Bailey   | Reached skill level 10 in Spellcasting
  3108 | Bailey   | Killed an orc warlord
  3109 | Bailey   | Reached skill level 14 in Earth Magic
  3109 | Bailey   | Reached XP level 11. HP: 59/74 MP: 1/26
  3177 | Bailey   | Identified the +0 chain mail of a volcano {rPois rF+ Int+3}
  3177 | Bailey   | Noticed an orc knight
  3181 | Bailey   | an orc knight changed into a basilisk
  3275 | Bailey   | Got the Collected Works on the Baleful Mortuary
  3327 | Bailey   | Glimpsed the power of Zot.
  3345 | Bailey   | Acquired the +3 helmet "Bonuts" {*Slow rCorr Dex+8}
  3581 | D:3      | Bought a bronze ring mail for 198 gold pieces
  3581 | D:3      | Identified the +0 ring mail of the Heron {-Tele Str+6
                  | Int+2} (You bought it in a shop on level 3 of the Dungeon)
  3980 | D:8      | Reached skill level 1 in Short Blades
  4008 | D:8      | Reached skill level 1 in Fighting
  4092 | D:8      | Identified the +10 trident of the Imperium {flame, Dex+7}
  4167 | D:8      | Reached skill level 5 in Short Blades
  4415 | D:8      | Found Uthrix's Weapon Boutique.
  4599 | D:9      | Noticed a two-headed ogre
  4607 | D:9      | Killed a two-headed ogre
  4738 | D:9      | Reached skill level 5 in Dodging
  4807 | D:9      | Identified the +8 sling of Lounoc {drain, Fragile rN++
                  | Will+}
  5035 | D:9      | Noticed a two-headed ogre
  5050 | D:9      | Killed a two-headed ogre
  5122 | D:9      | Reached XP level 12. HP: 92/92 MP: 24/27
  5135 | D:9      | Reached skill level 5 in Fighting
  5296 | D:10     | Entered Level 10 of the Dungeon
  5296 | D:10     | Found a staircase to the Orcish Mines.
  5335 | D:10     | Noticed Lodul
  5341 | D:10     | Killed Lodul
  5407 | D:10     | Found a portal to a secret trove of treasure.
  5462 | Orc:1    | Entered Level 1 of the Orcish Mines
  5522 | Orc:1    | Reached skill level 10 in Short Blades
  5588 | Orc:2    | Entered Level 2 of the Orcish Mines
  5588 | Orc:2    | Noticed Urug
  5588 | Orc:2    | Noticed an orc knight
  5588 | Orc:2    | Found a staircase to the Elven Halls.
  5657 | Orc:1    | Mangled by Urug

Illustrated notes

Levels and vault maps discovered:
D:1:      saegor_arrival_under_anarchy, layout_rooms, minivault_19
D:2:      layout_loops_ring, basic_altar, uniq_sigmund
D:3:      layout_loops_ring, nicolae_overflow_hidden_temple, serial_shops, shop
D:4:      layout_basic, minmay_temple_entry_crystal_x, minmay_manual_monstrance,
          uniq_edmund, uniq_robin
D:5:      layout_basic, uniq_pikel, uniq_crazy_yiuf_cottage, uniq_duvessa
D:6:      layout_layer_cave, cheibrodos_worm_habitat, minmay_microvault
D:7:      layout_basic, serial_co_window_serial, co_window_corner_a,
          co_window_corner_a, co_window_cross_1, co_window_of_opportunity_a,
          co_window_paths_a, co_window_corner_cb, co_window_of_opportunity_c,
          co_window_of_opportunity_b, co_window_corner_ca, co_window_4corner_b,
          glass_columns_a, glass_columns_a, glass_columns_b, glass_columns_a,
          glass_columns_b, enter_bailey_3, st_stairs_8
D:8:      nicolae_BIG_FREAKIN_CUBE, layout_gridville, serial_shops,
          nicolae_shop_bloodbath_and_beyond, minmay_misc_feat_room,
          nicolae_underground_beach
D:9:      layout_long_grid
D:10:     layout_gridville, erik_lair_island, orc_0_dummy,
          nicolae_trove_entry_path_of_doom, uniq_lodul
Temple:   nicolae_temple_bog_church
Orc:1:    layout_diamond_mine, serial_shops, nicolae_shop_waterfront,
          mines5_lemuel
Orc:2:    st_orc_rangers, layout_caves, serial_shops, nicolae_shop_trees,
          minmay_orc_temple_b, uniq_azrael, uniq_erolcha, uniq_donald, uniq_urug

Skill      XL: |  1  2  3  4  5  6  7  8  9 10 11 12 |
---------------+-------------------------------------+-----
Earth Magic    | 6 7 8 9 12 14 | 14.9
Spellcasting   | 4 5 6 8 10 | 10.7
Conjurations   | 1 4 |  4.0
Short Blades   | 8 10 | 10.0
Fighting       | 4 6 |  6.6
Dodging        | 5 7 |  7.6
Stealth        | |  1.4
Transmutations | |  1.2

Action                   |  1- 3 |  4- 6 |  7- 9 | 10-12 || total
-------------------------+-------+-------+-------+-------++-------
Melee: Unarmed           |       |       |     6 |       ||     6
       Dagger            |       |       |     1 |    83 ||    84
 Cast: Sandblast         |    14 |    38 |    71 |   206 ||   329
       Stone Arrow       |       |       |     1 |    37 ||    38
       Petrify           |       |       |       |     8 ||     8
       Passwall          |       |       |       |     1 ||     1
Evoke: Wand              |       |       |       |    25 ||    25
  Use: Scroll            |       |       |     6 |     7 ||    13
 Stab: Confused          |       |       |     1 |       ||     1
       Petrified         |       |       |       |    11 ||    11
       Distracted        |       |       |       |     1 ||     1
       Petrifying        |       |       |       |     1 ||     1
Armor: Robe              |       |     1 |       |       ||     1
       Leather armour    |       |       |    19 |    53 ||    72
Dodge: Dodged            |     4 |     8 |    21 |   125 ||   158
Block: Buckler           |       |       |     9 |    34 ||    43

Table legend: (Time is in decaauts)
 A = Elapsed time spent in this place.
 B = Non-inter-level travel time spent in this place.
 C = Inter-level travel time spent in this place.
 D = Time resting spent in this place.
 E = Time spent auto-exploring this place.
 F = Levels seen in this place.
 G = Mean time per level.
                   A        B        C        D        E       F      G
               +--------+--------+--------+--------+--------+-----+--------+
         Total |   5829 |   5140 |    689 |      0 |   3222 |  14 |  416.4 |
       Dungeon |   4851 |   4195 |    656 |      0 |   2943 |  10 |  485.1 |
        Temple |    243 |    212 |     31 |      0 |    180 |   1 |  243.0 |
  Orcish Mines |    202 |    202 |      0 |      0 |     33 |   2 |  101.0 |
        Bailey |    532 |    532 |      0 |      0 |     66 |   1 |  532.0 |
               +--------+--------+--------+--------+--------+-----+--------+

Top non-repeatable levels by time:
     D:9: 715 daAuts
     D:6: 705 daAuts
     D:8: 686 daAuts
     D:7: 626 daAuts
     D:5: 567 daAuts
  Bailey: 532 daAuts
     D:4: 455 daAuts
     D:3: 369 daAuts
     D:2: 343 daAuts
  Temple: 243 daAuts
     D:1: 201 daAuts
   Orc:1: 195 daAuts
    D:10: 180 daAuts
   Orc:2: 6 daAuts
